Map: Base du roi Sejong EC

Players

Worming

  • Race: Zerg Zerg

BraakbaL - Winner!

  • Race: Protoss Protoss
  • League: Diamond

VOD

Have the link to the VOD?

Description

Time

  • Played on: Oct. 21, 2016, 6:08 a.m.
  • Length: 11:30
Show
View Real Time Build Order
Export as new Build Order

Worming Zerg 

Build Orders: Hatch First 

Get SALT Encoding   

  12  0:03  Drone  
  13  0:12  Overlord  
  13  0:19  Drone  
  14  0:31  Drone x2  
  16  0:37  Drone  
  17  0:53  Unknown, Hatchery  
  17  0:56  Drone  
  17  0:59  Drone  
  18  1:04  Extractor  
  17  1:14  Spawning Pool  
  17  1:17  Drone  
  17  1:21  Drone  
  18  1:32  Drone  
  20  1:40  Drone  
  20  1:52  Overlord  
  20  2:01  Queen  
  20  2:05  Queen, Unknown  
  20  2:06  Zergling x4  
  26  2:10  Metabolic Boost  
  26  2:19  Drone x2  
  28  2:30  Drone x2  
  28  2:34  Overlord  
  30  2:45  Drone x2  
  30  2:49  Overlord  
  32  3:17  Drone  
  32  3:18  Drone x8  
  40  3:20  Unknown, Hatchery  
  40  3:25  Roach Warren  
  38  3:35  Overlord  
  38  3:42  Overlord  
  38  3:44  Overlord  
  38  3:49  Drone x5  
  38  3:54  Evolution Chamber  
  42  3:57  Queen  
  44  4:19  Extractor  
  44  4:23  Lair, Zerg Missile Weapons Level 1  
  43  4:25  Roach x4, Zergling x2  
  43  4:26  Zergling x6  
  55  4:32  Unknown  
  55  4:43  Drone x2  
  55  4:45  Drone x3  
  60  4:46  Drone  
  60  4:49  Ravager  
  60  4:51  Overlord  
  60  4:52  Overlord  
  62  4:54  Zergling x6  
  62  4:59  Ravager  
  66  5:03  Extractor  
  66  5:05  Drone x2  
  66  5:06  Drone  
  68  5:15  Roach x3  
  68  5:16  Zergling x2  
  75  5:28  Overlord  
  75  5:34  Glial Reconstitution  
  75  5:36  Drone x2  
  75  5:37  Drone x7  
  84  5:49  Drone x3  
  87  5:53  Overlord  
  87  5:54  Overlord  
  87  5:55  Drone x2  
  88  6:10  Drone x8  
  96  6:13  Extractor  
  96  6:14  Extractor  
  96  6:16  Extractor  
  96  6:17  Drone x2  
  95  6:21  Drone  
  95  6:24  Zerg Missile Weapons Level 2  
  96  6:26  Roach x4  
  96  6:27  Roach x3  
  110  6:38  Ravager x3  
  113  6:40  Overlord x2  
  113  6:41  Overlord  
  113  6:42  Overlord x3  
  99  7:35  Hydralisk Den, Drone x2  
  99  7:37  Infestation Pit, Zergling x20  
  101  7:43  Unknown, Hatchery  
  108  7:46  Unknown, Hatchery  
  107  8:11  Hydralisk  
  107  8:12  Muscular Augments, Hydralisk x12  
  123  8:14  Hive  
  123  8:17  Queen x2  
  123  8:19  Unknown, Hatchery  
  136  8:34  Ravager x2  
  136  8:35  Ravager x4  
  136  8:39  Zergling x10  
  136  8:40  Zerg Ground Armor Level 1  
  147  8:50  Drone x13  
  147  8:55  Unknown  
  157  8:57  Overseer  
  157  8:58  Overseer, Unknown, Pneumatized Carapace  
  157  9:12  Evolution Chamber  
  156  9:19  Zergling x2  
  157  9:25  Lurker Den  
  157  9:30  Unknown  
  140  9:48  Roach x12  
  147  9:57  Extractor  
  147  9:58  Extractor  
  147  9:59  Drone x2  
  148  10:00  Spine Crawler x2, Drone x3  
  148  10:01  Spine Crawler, Drone  
  148  10:09  Spire  
  148  10:12  Overlord x5  
  148  10:14  Viper x3  
  147  10:17  Zergling x26  
  169  10:26  Spine Crawler  
  163  10:42  Roach  
  147  10:43  Roach x16  
  168  10:57  Lurker x2  
  169  10:58  Overlord  
  169  10:59  Zergling x2  
  169  11:00  Zergling x16  
Show
View Real Time Build Order
Export as new Build Order

BraakbaL Protoss - Winner!

Build Orders: Nexus First 

Get SALT Encoding   

  12  0:01  Probe (Chrono Boost)  
  13  0:11  Probe (Chrono Boost)  
  14  0:19  Pylon  
  14  0:22  Probe (Chrono Boost)  
  15  0:37  Probe (Chrono Boost)  
  16  0:48  Probe (Chrono Boost)  
  17  0:58  Probe (Chrono Boost)  
  17  1:01  Nexus, Unknown  
  18  1:09  Probe (Chrono Boost)  
  19  1:14  Gateway  
  19  1:20  Probe (Chrono Boost)  
  19  1:24  Pylon  
  20  1:30  Assimilator  
  21  1:33  Probe (Chrono Boost)  
  21  1:39  Assimilator  
  21  1:43  Probe (Chrono Boost)  
  22  1:50  Gateway  
  22  1:55  Probe (Chrono Boost)  
  23  2:05  Cybernetics Core  
  23  2:06  Probe (Chrono Boost)  
  24  2:12  Unknown  
  24  2:16  Probe (Chrono Boost)  
  24  2:17  Probe (Chrono Boost)  
  26  2:27  Pylon  
  28  2:30  Probe x2 (Chrono Boost)  
  28  2:40  Probe (Chrono Boost)  
  28  2:42  Adept x2  
  28  2:44  Warp Gate  
  33  2:47  Probe (Chrono Boost)  
  33  2:51  Probe (Chrono Boost)  
  35  2:57  Probe (Chrono Boost)  
  35  3:17  Probe x2 (Chrono Boost)  
  35  3:18  Adept  
  35  3:19  Adept  
  41  3:22  Twilight Council  
  41  3:28  Probe (Chrono Boost)  
  41  3:29  Probe (Chrono Boost)  
  41  3:33  Robotics Facility  
  43  3:39  Probe (Chrono Boost)  
  43  3:40  Probe (Chrono Boost)  
  45  3:46  Sentry x2  
  49  3:52  Assimilator x2  
  49  4:05  Nexus, Unknown  
  49  4:11  Pylon  
  49  4:13  Pylon  
  49  4:15  Mothership Core (Chrono Boost)  
  51  4:18  Probe (Chrono Boost)  
  51  4:21  Observer  
  53  4:30  Probe (Chrono Boost)  
  54  4:33  Probe (Chrono Boost)  
  55  4:38  Gateway  
  55  4:40  Probe (Chrono Boost)  
  55  4:41  Gateway  
  56  4:46  Gateway  
  56  4:48  Gateway  
  56  4:50  Resonating Glaives  
  56  4:57  Probe x2 (Chrono Boost)  
  58  5:03  Forge  
  58  5:08  Probe x2 (Chrono Boost)  
  58  5:12  Immortal  
  64  5:16  Unknown  
  66  5:23  Probe (Chrono Boost), Protoss Ground Weapons Level 1  
  66  5:24  Probe (Chrono Boost)  
  66  5:29  Probe (Chrono Boost)  
  66  5:31  Adept x2  
  66  5:34  Probe x2 (Chrono Boost)  
  73  5:46  Immortal  
  75  5:50  Probe (Chrono Boost)  
  75  5:51  Probe x2 (Chrono Boost)  
  79  6:11  Photon Cannon  
  79  6:12  Pylon  
  79  6:14  Photon Cannon  
  79  6:19  Gateway  
  79  6:21  Photon Cannon  
  79  6:23  Pylon  
  79  6:30  Probe (Chrono Boost)  
  79  6:32  Probe x2 (Chrono Boost)  
  82  6:35  Robotics Facility  
  82  6:36  Pylon  
  82  6:37  Pylon  
  82  6:41  Probe (Chrono Boost)  
  82  6:44  Probe x2 (Chrono Boost), Pylon  
  85  6:47  Templar Archives  
  85  6:51  Probe (Chrono Boost)  
  85  6:53  Adept x3  
  92  7:01  Pylon  
  92  7:11  Pylon  
  92  7:12  Pylon  
  92  7:13  Immortal, Protoss Ground Weapons Level 2  
  91  7:23  Adept, Psionic Storm  
  95  7:31  Probe x2 (Chrono Boost), Assimilator, Pylon  
  95  7:36  Assimilator  
  95  7:38  Gateway  
  95  7:39  Gateway  
  95  7:41  Gateway  
  95  7:43  High Templar x5  
  105  7:47  Immortal  
  105  7:49  Pylon  
  105  7:54  Pylon  
  105  7:56  Probe (Chrono Boost), Pylon  
  105  7:57  Probe x2 (Chrono Boost)  
  112  8:02  Immortal  
  116  8:21  Warp Prism  
  116  8:24  Blink  
  118  8:31  Pylon  
  118  8:32  Pylon  
  118  8:34  Pylon  
  118  8:37  Pylon  
  118  8:39  Pylon  
  118  8:42  Immortal  
  122  8:50  Nexus, Unknown  
  122  8:52  Immortal  
  122  8:55  Robotics Bay  
  126  9:03  Photon Cannon  
  126  9:04  Photon Cannon  
  126  9:07  Photon Cannon  
  126  9:09  High Templar x2  
  129  9:21  Archon  
  129  9:30  Stalker  
  129  9:31  Stalker x6  
  141  9:52  Stalker x3  
  147  9:54  Stalker x2  
  147  9:55  Stalker x2  
  147  9:56  Observer  
  156  10:01  Unknown  
  156  10:29  Assimilator  
  156  10:33  Assimilator  
  156  10:37  Adept  
  156  10:38  Adept x7  
  156  10:39  Adept, Photon Cannon  
Tags
 
Add a new tag
Caveats
  • Supply blocks, unpowered buildings, or Contaminate may cause inaccurate times.
  • Supply counts are checked every 10 seconds.